 Dungeon Crawl Stone Soup version 0.29.1-1-gd02db6906a (webtiles) character file.

Game seed: 10604094454302349767

3401 Icepheonix32 the Arsonist (level 9, 0/65 (67) HPs)
             Began as a Black Draconian Fire Elementalist on Sept 22, 2022.
             Was an Initiate of Qazlal.
             Slain by a wight
             ... wielding a +3 dagger of freezing
              (2 damage)
             ... on level 7 of the Dungeon.
             The game lasted 00:13:30 (9334 turns).

Icepheonix32 the Arsonist (DrFE)                    Turns: 9334, Time: 00:13:30

HP:   0/65 (67)     AC:  7    Str: 10    XL:     9   Next: 75%
MP:   2/19          EV: 12    Int: 20    God:    Qazlal [......]
Gold: 43            SH:  3    Dex: 12    Spells: 4/21 levels left

rFire   . . .      SeeInvis .   s - +5 rapier (distort)
rCold   . . .      Faith    .   y - +0 buckler {reflect}
rNeg    . . .      Spirit   .   (body armour unavailable)
rPois   .          Reflect  +   (helmet restricted)
rElec   +          Harm     .   (no cloak)
rCorr   .          Rampage  .   (no gloves)
Will    .....                   (no boots)
Stlth   ++........              q - amulet of the acrobat
HPRegen 0.20/turn               (no ring)
MPRegen 0.16/turn               (no ring)

@: slowed, lightly drained, very slow
A: breathe lightning, AC +7, unfitting armour, electricity resistance,
cold-blooded
a: Breathe Lightning, Renounce Religion


You were on level 7 of the Dungeon.
You worshipped Qazlal.
Qazlal was noncommittal.
You visited 2 branches of the dungeon, and saw 8 of its levels.

You collected 320 gold pieces.
You spent 277 gold pieces at shops.

Inventory:

Hand Weapons
 d - a +0 short sword
 f - a +0 spear
 s - a +5 rapier of distortion (weapon)
Missiles
 n - 9 boomerangs
Armour
 y - a +0 buckler of reflection (worn)
Jewellery
 q - an amulet of the acrobat (around neck)
 E - a ring of ice
Wands
 v - a wand of light (9)
 w - a wand of digging (5)
 A - a wand of paralysis (13)
 C - a wand of roots (9)
Scrolls
 c - 2 scrolls of teleportation
 e - a scroll of amnesia {unknown}
 g - 2 scrolls of silence {unknown}
 i - 3 scrolls of enchant armour
 l - 2 scrolls of immolation {unknown}
 t - a scroll of poison
 u - 3 scrolls of vulnerability {unknown}
 x - a scroll of magic mapping
 F - 2 scrolls of noise {unknown}
Potions
 a - a potion of magic
 j - 2 potions of degeneration {unknown}
 k - 6 potions of curing {unknown}
 m - 6 potions of brilliance {unknown}
 o - a potion of haste
 r - a potion of mutation
 z - a potion of resistance {unknown}
 B - a potion of cancellation
 D - a potion of ambrosia {unknown}


   Skills:
 + Level 1.7 Fighting
 + Level 2.4 Short Blades
 + Level 0.6 Polearms
 + Level 2.9 Dodging
 + Level 2.6 Stealth
 + Level 0.3 Shields
 + Level 6.8 Spellcasting
 + Level 4.6 Conjurations
 * Level 2.3 Transmutations
 * Level 8.5 Fire Magic
 * Level 6.0 Air Magic


You had 4 spell levels left.
You knew the following spells:

 Your Spells              Type           Power      Damage    Failure   Level
a - Foxfire               Conj/Fire      100%       2x1d9     1%          1
b - Scorch                Fire           82%        2d9       1%          2
c - Flame Wave            Conj/Fire      33%        2d10      9%          4
d - Swiftness             Air            30%        N/A       3%          3
e - Storm Form            Tmut/Air       11%        N/A       100%        7

Your spell library contained the following spells:

 Spells                   Type           Power      Damage    Failure   Level
 Conjure Flame            Conj/Fire      33%        6-21      2%          3
 Poisonous Vapours        Pois/Air       36%        N/A       6%          2
 Inner Flame              Hex/Fire       23%        N/A       7%          3
 Passwall                 Tmut/Erth      9%         N/A       12%         2
 Apportation              Tloc           12%        N/A       13%         1
 Blink                    Tloc           12%        N/A       21%         2
 Ensorcelled Hibernation  Hex/Ice        12%        N/A       21%         2
 Ozocubu's Armour         Ice            6%         N/A       36%         3
 Portal Projectile        Hex/Tloc       12%        N/A       36%         3
 Freezing Cloud           Conj/Ice/Air   10%        6-21      63%         5
 Silence                  Hex/Air        9%         N/A       71%         5
 Manifold Assault         Tloc           6%         N/A       98%         5
 Metabolic Englaciation   Hex/Ice        3%         N/A       98%         5
 Dispersal                Tloc           3%         N/A       100%        6
 Simulacrum               Ice/Necr       3%         N/A       100%        6
 Necromutation            Tmut/Necr      5%         N/A       100%        8


Dungeon Overview and Level Annotations

Branches:
Dungeon (7/15)             Temple (1/1) D:7

Altars:
Ashenzari
Cheibriados
Dithmenos
Elyvilon
Fedhas
Gozag
Kikubaaqudgha
Makhleb
Nemelex Xobeh
Okawaru
Qazlal
Ru
Sif Muna
Trog
Uskayaw
Vehumet
Wu Jian
Xom
Yredelemnul
The Shining One

Shops:
D:5 [   D:7 [*

Annotations:
D:1 2 runed translucent doors
D:3 2 transporters, GigaChad's ghost, weakling MiFi
D:5 2 transporters, groovy9's ghost, amateur MiHu
Abyss:1 Maggie


Innate Abilities, Weirdness & Mutations

You can breathe wild blasts of lightning.
Your glossy black scales are hard. (AC +7)
You cannot fit into any form of body armour.
You are resistant to electric shocks. (rElec)
You are cold-blooded and may be slowed by cold attacks.


Message History

Maggie attempts to bespell you!
You are mesmerised by Maggie!
You cannot move away from Maggie!
Unknown command.
You puncture the bullfrog!
Space warps horribly around the bullfrog!!
You kill the bullfrog!
Qazlal accepts your kill.
Unknown command.
You completely miss Maggie.
Maggie zaps a wand.
The bolt of light hits you!
* * * LOW HITPOINT WARNING * * *
The bolt of light hits your foxfire!
Your foxfire is blinded.
Unknown command.
You closely miss Maggie. Maggie barely misses you.
Unknown command.
You puncture Maggie!
Maggie is devoured by a tear in reality.
You break out of your daze!
An orc comes into view. It is wielding a +0 short sword.
Your Air Magic skill increases to level 6!
Unknown command.
You barely miss the wight.
The wight is almost destroyed.
The wight hits you but does no damage.
A wight comes into view. It is wielding a +3 spear.
The wight hits you with a +3 dagger of freezing!
* * * LOW HITPOINT WARNING * * *
You feel drained.
* * * LOW HITPOINT WARNING * * *
You feel yourself slow down. The wight freezes you.
* * * LOW HITPOINT WARNING * * *
You closely miss the wight.
Your tail-slap misses the wight.
The wight is almost destroyed.
The wight hits you with a +3 dagger of freezing.
* * * LOW HITPOINT WARNING * * *
You feel drained.
* * * LOW HITPOINT WARNING * * *
The wight freezes you.
You die...

#..#..#. #.....####. ##....##
z.....#.#.... ##..#..##
............. #.......# ....
#.........##..##.#.......
....##..............###.....>.
.....#........#.....##.)......
..............##..............
.......†>.###@###.......[###..
.....)...##.#z##......[...####
.....)......§o§.......##...# #
......†.o..............##.##
.##..#.....................#
... ###...............##.... #
..$..#'#..∩.......# ###..
......#∩#..#.......# .#
...##### ####.........


You could see 2 wights and an orc.

Vanquished Creatures
  Eustachio (D:5)
  A water moccasin (D:6)
  2 ice beasts
  5 black bears
  2 orc warriors (D:7)
  A centaur (D:6)
  5 ogres
  2 phantoms
  2 bullfrogs (D:7)
  3 necrophages
  4 scorpions
  A wight (D:7)
  4 howler monkeys
  A jelly (D:4)
  A gnoll bouda (D:6)
  2 hounds
  2 quasits (D:7)
  5 orc priests
  4 iguanas
  An orc wizard (D:7)
  5 gnolls (D:6)
  8 adders
  An ufetubus (D:5)
  A worm (D:4)
  3 dart slugs
  27 orcs
  6 endoplasms
  3 giant cockroaches
  8 hobgoblins
  4 jackals
  6 kobolds
  4 quokkas
  11 ball pythons
  6 bats
  2 frilled lizards
  6 goblins
  4 rats
154 creatures vanquished.

Vanquished Creatures (others)
  4 demonic plants (D:7)
  551 foxfires
  6 plants (D:5)
561 creatures vanquished.

Grand Total: 715 creatures vanquished

Notes
Turn   | Place    | Note
-------+----------+-------------------------------------------
     0 | D:1      | Icepheonix32 the Draconian Fire Elementalist began the
                  | quest for the Orb.
     0 | D:1      | Reached XP level 1. HP: 14/14 MP: 3/3
   305 | D:1      | Found a large runed translucent door.
   305 | D:1      | Found a large runed translucent door.
   305 | D:1      | Noticed an orc warrior
   309 | D:1      | Reached XP level 2. HP: 20/20 MP: 1/5
  1014 | D:1      | Reached XP level 3. HP: 20/26 MP: 0/6
  1627 | D:2      | Reached XP level 4. HP: 7/34 MP: 3/8
  1630 | D:2      | Learned a level 2 spell: Scorch
  1635 | D:2      | Learned a level 4 spell: Flame Wave
  2124 | D:2      | Found a faded altar of an unknown god.
  3370 | D:3      | Noticed GigaChad's ghost (weakling MiFi)
  3370 | D:3      | Found a transporter.
  3573 | D:3      | Reached XP level 5. HP: 39/39 MP: 0/9
  3868 | D:3      | Found a transporter.
  3919 | D:3      | Reached skill level 1 in Fighting
  4849 | D:4      | Found a broken altar of Ashenzari.
  4950 | D:4      | Reached skill level 4 in Fire Magic
  4962 | D:4      | Reached XP level 6. HP: 12/47 MP: 1/12
  6153 | D:4      | Your scales start taking on a glossy black colour.
  6153 | D:4      | Reached XP level 7. HP: 36/52 MP: 6/14
  6153 | D:4      | Gained mutation: You are resistant to electric shocks.
                  | (rElec) [Black Draconian growth]
  6157 | D:4      | Learned a level 3 spell: Swiftness
  6383 | D:4      | Reached skill level 5 in Fire Magic
  6606 | D:5      | Entered Level 5 of the Dungeon
  6606 | D:5      | Noticed Eustachio
  6618 | D:4      | Reached skill level 1 in Air Magic
  6701 | D:5      | Killed Eustachio
  6702 | D:5      | Reached skill level 5 in Spellcasting
  6872 | D:5      | Reached skill level 6 in Fire Magic
  6872 | D:5      | Reached XP level 8. HP: 57/59 MP: 1/15
  7156 | D:5      | Reached skill level 7 in Fire Magic
  7356 | D:5      | Found Madale's Armour Boutique.
  7409 | D:5      | Bought a +0 buckler of reflection for 93 gold pieces
  7442 | D:5      | Found a transporter.
  7444 | D:5      | Identified the +1 trident "Draconian's Curse" {venom, rPois
                  | rN+}
  7444 | D:5      | Identified the +5 ring mail of Fimee {Rampage *Slow Int+2}
  7444 | D:5      | Identified the +1 buckler of Plasticity {MP-9 Dex+7}
  7448 | D:5      | Noticed groovy9's ghost (amateur MiHu)
  7509 | D:5      | Found a transporter.
  7895 | D:6      | Reached skill level 1 in Short Blades
  7941 | D:6      | Reached skill level 5 in Air Magic
  7946 | D:6      | Reached XP level 9. HP: 67/67 MP: 0/17
  8082 | D:6      | Found a shimmering altar of Xom.
  8084 | D:6      | Found a shadowy altar of Dithmenos.
  8088 | D:6      | Found an iron altar of Okawaru.
  8088 | D:6      | Found a shimmering blue altar of Sif Muna.
  8094 | D:6      | Got Tihuryas's Papyrus of Permutations and the Nimbus
  8325 | D:6      | Got Sif Muna's Octavo of the Excursion
  8689 | D:7      | Found a staircase to the Ecumenical Temple.
  8719 | Temple   | Entered the Ecumenical Temple
  8737 | Temple   | Became a worshipper of Qazlal Stormbringer
  8779 | D:7      | Noticed Maggie
  8821 | D:7      | Reached skill level 8 in Fire Magic
  9245 | D:6      | Learned a level 7 spell: Storm Form
  9262 | D:7      | Found Hadut's General Store.
  9273 | D:7      | Bought a scroll of identify for 32 gold pieces
  9273 | D:7      | Bought a scroll of enchant armour for 120 gold pieces
  9273 | D:7      | Bought a scroll of identify for 32 gold pieces
  9299 | D:7      | Reached skill level 1 in Transmutations
  9313 | D:7      | Found Piseax's Antique Armour Shop.
  9332 | D:7      | Banished Maggie
  9334 | D:7      | HP: 3/66 [wight/+3 dagger of freezing (4)]
  9334 | D:7      | Slain by a wight

Illustrated notes

Levels and vault maps discovered:
D:1:      erik_arrival_cave_to_civilisation [erik_arrival_cave_to_temple],
          layout_basic, minmay_misc_feat_hallway
D:2:      layout_loops_corners, nicolae_ecumenical_snake_handling
D:3:      layout_basic, gammafunk_ghost_arena, supply_closet_lemuel,
          minmay_quantized
D:4:      layout_rooms, mainiacjoe_overflow_surrounded_room, minmay_vboxes
D:5:      layout_basic, gammafunk_ghost_gnarly_gnolls, serial_shops, shop,
          uniq_eustachio
D:6:      layout_gridville, chequers_temple_overflow_statue_of_worship
D:7:      hellmonk_destroyed_diamonds, layout_cave_pools,
          nicolae_hepliaklqana_monster_ancestors, minmay_temple_entry_trees,
          serial_shops, nicolae_shop_hallway_plus, shop, shop, kennysheep_mini,
          nicolae_shop_bloodbath_and_beyond, serial_demonic, serial_demonic_b,
          serial_demonic_c, serial_demonic_a, serial_demonic_e, uniq_maggie
Temple:   minmay_freezing_vapour_temple

Skill      XL: |  1  2  3  4  5  6  7  8  9 |
---------------+----------------------------+-----
Dodging        | 2 |  2.9
Stealth        | 2 |  2.6
Spellcasting   | 3 4 5 6 |  6.8
Conjurations   | 2 3 4 |  4.6
Fighting       | 1 |  1.7
Fire Magic     | 4 6 7 8 |  8.5
Air Magic      | 2 5 6 |  6.0
Short Blades   | 1 2 |  2.4
Transmutations | 2 |  2.3
Polearms       | |  0.6
Shields        | |  0.3

Action                   |  1- 3 |  4- 6 |  7- 9 || total
-------------------------+-------+-------+-------++-------
Melee: Unarmed           |     2 |       |       ||     2
       Short sword       |    16 |       |       ||    16
       Tailslap          |    11 |     8 |    11 ||    30
       Spear             |    67 |    66 |     1 ||   134
       Punch             |       |     2 |       ||     2
       Rapier            |       |       |    60 ||    60
 Cast: Foxfire           |    49 |   123 |   155 ||   327
       Scorch            |       |    30 |    45 ||    75
       Flame Wave        |       |       |     1 ||     1
 Abil: Breathe Lightning |       |       |     1 ||     1
  Use: Potion            |     2 |     1 |       ||     3
       Scroll            |       |       |     8 ||     8
 Stab: Sleeping          |     1 |     2 |     1 ||     4
Armor: Skin              |    49 |    41 |    58 ||   148
Dodge: Dodged            |    50 |    97 |    96 ||   243
Block: Buckler           |       |       |    13 ||    13
